 Dungeon Crawl Stone Soup version 0.17.0-28-g6e173f8 (webtiles) character file.

34 PossumBlood the Conjurer (level 3, -1/21 HPs)
             Began as an Octopode Conjurer on Dec 2, 2015.
             Slain by an adder (2 damage)
             ... on level 2 of the Dungeon.
             The game lasted 00:03:36 (1043 turns).

PossumBlood the Conjurer (Octopode Conjurer)        Turns: 1043, Time: 00:03:36

Health: -1/21      AC:  1    Str:  7    XL:     3   Next: 31%
Magic:  0/6        EV: 12    Int: 18    God:
Gold:   14         SH:  0    Dex: 12    Spells: 1 memorised, 5 levels left

rFire  . . .     SeeInvis .     (no weapon)
rCold  + . .     Clarity  .     (no shield)
rNeg   . . .     SustAt   .     (helmet restricted)
rPois  +         Gourm    .     (no amulet)
rElec  .         Spirit   .     f - ring of poison resistance
rCorr  .         Warding  .     i - ring of protection from cold
rMut   .         Stasis   .     (no ring)
MR     .....                    (no ring)
Stlth  +++.......               (no ring)
                                (no ring)
                                (no ring)
                                (no ring)

@: hasted, very quick, not resistant to hostile enchantments, fairly stealthy
A: almost no armour, amphibious, 8 rings, constrict 8, camouflage 1, gelatinous
body 1
a: no special abilities


You were on level 2 of the Dungeon.
You were not hungry.

You visited 1 branch of the dungeon, and saw 2 of its levels.

You collected 14 gold pieces.

Inventory:

Jewellery
 f - a ring of poison resistance (left tentacle)
 i - a ring of protection from cold (right tentacle)
Scrolls
 e - a scroll of magic mapping
 k - a scroll of identify {unknown}
Potions
 c - a potion of haste
 d - 2 potions of might {unknown}
 h - a potion of flight {unknown}
Books
 a - a book of Conjurations

   Spells                             Type                      Level
   a - Magic Dart                     Conjuration                  1
   b - Searing Ray                    Conjuration                  2
   c - Dazzling Spray                 Conjuration/Hexes            3
   d - Fulminant Prism                Conjuration/Hexes            4
   e - Iskenderun's Mystic Blast      Conjuration                  4
   f - Iskenderun's Battlesphere      Conjuration/Charms           5
Comestibles
 b - 3 bread rations
 g - 2 fruits
 j - a meat ration


   Skills:
 - Level 2.0 Dodging
 - Level 2.6 Stealth
 - Level 2.0 Spellcasting
 * Level 5.1 Conjurations


You had 5 spell levels left.
You knew the following spells:

 Your Spells              Type           Power        Failure   Level  Hunger
a - Magic Dart            Conj           ###.         1%          1    #......


Dungeon Overview and Level Annotations

Branches:
Dungeon (2/15)

Altars:


Innate Abilities, Weirdness & Mutations

You cannot wear most types of armour.
You are amphibious.
You can wear up to eight rings at the same time.
You can use your tentacles to constrict eight enemies at once.
Your skin changes colour to match your surroundings (Stealth).
Your rubbery body absorbs attacks (AC +1).


Message History

The adder is moderately wounded.
You constrict the adder. The adder barely misses you.
You barely miss the adder.
The adder is moderately wounded.
You constrict the adder. The adder bites you.
* * * LOW HITPOINT WARNING * * *
Casting: Magic Dart
Confirm with . or Enter, or press ? or * to list all spells.
Aiming: Magic Dart
Press: ? - help, Shift-Dir - straight line, f/p - adder
Aim: an adder (heavily wounded, constricted by you)
The magic dart hits the adder.
The adder is severely wounded.
You constrict the adder. The adder bites you.
* * * LOW HITPOINT WARNING * * *
The adder barely misses you.
Drink which item? (? for menu, Esc to quit)
It was a potion of haste.
You feel yourself speed up.
You constrict the adder. The adder bites you.
You die...

#.....###### #
#.....'....## #.
#.....###...# #%
#.#+### #...#
#..#.#.# #...#
#..#.#. #..)# ....
#####...#####+
#.###.......##....
#@S.'.............
#.###.............
### #.............
####+#........
##+##.).. ####. .
.


You could see an adder.

Vanquished Creatures
  An adder (D:2)
  3 giant geckos
  2 ball pythons
  A giant cockroach (D:1)
  A hobgoblin (D:1)
  6 kobolds
  5 goblins
  5 rats
24 creatures vanquished.

Notes
Turn   | Place    | Note
--------------------------------------------------------------
     0 | D:1      | PossumBlood the Octopode Conjurer began the quest for the Orb.
     0 | D:1      | Reached XP level 1. HP: 11/11 MP: 3/3
   310 | D:1      | Reached XP level 2. HP: 15/17 MP: 0/5
   867 | D:2      | Reached XP level 3. HP: 21/21 MP: 0/6
   924 | D:2      | Reached skill level 5 in Conjurations
  1042 | D:2      | HP: 1/21 [adder (5)]
  1043 | D:2      | Slain by an adder

Action                   || total
-------------------------++-------
Melee: Unarmed           ||     9
 Cast: Magic Dart        ||    47
  Use: Scroll            ||     2
       Potion            ||     1
  Eat: Fruit             ||     1
